 Dungeon Crawl Stone Soup version 0.27.1-3-gb3d3a73c9e (webtiles) character file.

Game seed: 4558348580908590815

68492 CuBeRJAN3 the Fighter (level 15, -6/113 HPs)
             Began as a Djinni Conjurer on Oct 24, 2021.
             Was the Champion of Makhleb.
             Mangled by a seven-headed hydra (10 damage)
             ... on level 13 of the Dungeon.
             The game lasted 01:46:01 (32605 turns).

CuBeRJAN3 the Fighter (Djinni Conjurer)            Turns: 32605, Time: 01:46:02

Health: -6/113     AC: 11    Str:  6    XL:     15   Next: 70%
Gold:   1867       EV: 16    Int: 31    God:    Makhleb [******] SH:  5 Dex: 13

rFire    + + .     SeeInvis .   i - +6 dagger (elec)
rCold    x . .     Faith    .   (no shield)
rNeg     . . .     Spirit   .   C - +4 steam dragon scales
rPois    ∞         Reflect  +   y - +0 helmet
rElec    .         Harm     .   f - scarf {+Inv}
rCorr    .         Rampage  .   a - +0 pair of gloves
Will     ++...                  (boots unavailable)
Stlth    ++++......             j - amulet of reflection
HPRegen  0.28/turn              w - ring of willpower
MPRegen  0.00/turn              I - +6 ring of intelligence

@: flying
A: sickness immunity, fire resistance 2, cold vulnerability 1, float, innate
caster, hp casting, extra vitality 1
a: Renounce Religion, Evoke Invisibility, Minor Destruction, Lesser Servant of
Makhleb, Major Destruction, Greater Servant of Makhleb


You were on level 13 of the Dungeon.
You worshipped Makhleb.
Makhleb was exalted by your worship.
You visited 4 branches of the dungeon, and saw 22 of its levels.

You collected 2112 gold pieces.
You spent 245 gold pieces at shops.

Inventory:

Hand Weapons
 i - a +6 dagger of electrocution (weapon)
Missiles
 x - 3 throwing nets
Armour
 a - a +0 pair of gloves (worn)
 f - a scarf of invisibility (worn)
 y - a +0 helmet (worn)
 C - +4 steam dragon scales (worn)
Jewellery
 j - an amulet of reflection (around neck)
 n - an amulet of faith
 w - a ring of willpower (left hand)
 F - a +4 ring of protection
 I - a +6 ring of intelligence (right hand)
 N - a ring of protection from cold
Wands
 k - a wand of charming (20)
 o - a wand of iceblast (5)
 u - a wand of acid (9)
 E - a wand of paralysis (18)
 L - a wand of mindburst (5)
 M - a wand of digging (4)
 S - a wand of polymorph (7)
Scrolls
 h - 2 scrolls of holy word {unknown}
 l - 4 scrolls of vulnerability
 m - 2 scrolls of immolation
 p - 4 scrolls of blinking
 q - 6 scrolls of magic mapping
 s - 11 scrolls of teleportation
 G - 2 scrolls of amnesia
 J - 3 scrolls of noise
 O - a scroll of torment {unknown}
 R - a scroll of acquirement {unknown}
 U - 2 scrolls of silence
Potions
 b - 2 potions of cancellation
 c - 5 potions of brilliance
 d - a potion of resistance
 e - 2 potions of berserk rage
 g - 8 potions of curing
 r - a potion of haste {unknown}
 t - 3 potions of degeneration
 v - 3 potions of attraction
 z - 6 potions of heal wounds
 A - 5 potions of might
 B - 2 potions of flight {unknown}
 D - 3 potions of invisibility
 H - 2 potions of magic
 K - 5 potions of ambrosia
 T - a potion of lignification {unknown}
 V - a potion of mutation {unknown}
Miscellaneous
 P - a box of beasts
 Q - a condenser vane
 W - a lightning rod (4/4)


   Skills:
 * Level 12.8 Fighting
 + Level 8.4 Short Blades
 + Level 10.4 Dodging
 + Level 8.8 Stealth
 * Level 10.7 Spellcasting
 + Level 7.4 Invocations
 + Level 8.6 Evocations


You couldn't memorise any spells.
You knew the following spells:

 Your Spells              Type           Power      Damage    Failure   Level
a - Magic Dart            Conj           100%       1d8       1%          1
b - Searing Ray           Conj           100%       3d7       1%          2
c - Dazzling Flash        Conj/Hex       100%       N/A       1%          3
d - Fulminant Prism       Conj/Hex       35%        3d18      1%          4
e - Iskenderun's Mystic   Conj/Tloc      70%        2d14      1%          4
f - Summon Small Mammal   Summ           100%       N/A       1%          1
g - Passwall              Tmut/Erth      58%        N/A       1%          2
h - Ignite Poison         Fire/Tmut/Pois 70%        N/A       1%          3
i - Summon Lightning Spi  Summ/Air       70%        N/A       1%          4
j - Freezing Cloud        Conj/Ice/Air   35%        6-21      1%          5
k - Bolt of Magma         Conj/Fire/Erth 35%        4d15      1%          5
l - Dispersal             Tloc           35%        N/A       5%          6
Your spell library was empty.

Dungeon Overview and Level Annotations

Branches:
Dungeon (13/15)            Temple (1/1) D:6            Lair (6/6) D:9
 Shoals (0/4) Lair:3       Spider (0/4) Lair:4        Slime (0/5) Lair:6
    Orc (2/2) D:11            Elf (0/3) Orc:2        Vaults (0/5) D:13

Altars:
Ashenzari
Cheibriados
Dithmenos
Elyvilon
Fedhas
Gozag
Hepliaklqana
Kikubaaqudgha
Makhleb
Nemelex Xobeh
Okawaru
Qazlal
Ru
Sif Muna
Trog
Uskayaw
Vehumet
Wu Jian
Xom
Yredelemnul
Zin
The Shining One
Beogh
Jiyva

Shops:
Orc:1 :   Orc:2 [[?(*

Annotations:
D:7 1 exclusion
D:10 3 runed translucent doors, exclusion: 3 doors
Lair:1 2 transporters, exclusions: downstairs and 1 more exclusion, ANNNA's ghost, journeyman DEVM
Orc:2 will+ dex- gloves shop , exclusion: door, Terracrafty's ghost, journeyman HOMo


Innate Abilities, Weirdness & Mutations

You are immune to sickness and miasma.
You are immune to poison.
Your flesh is very heat resistant. (rF++)
You are vulnerable to cold. (rC-)
You float through the air rather than walking.
You learn spells naturally, not from books.
Your magical power is your life essence.
You have superior vitality. (+4 HP)


Message History

You erupt in a blast of force!
The mystic blast hits the centaur warrior!
The centaur warrior is moderately wounded.
The centaur warrior is knocked back by the mystic blast.
The mystic blast hits the seven-headed hydra!!
The seven-headed hydra is moderately wounded.
The seven-headed hydra is knocked back by the mystic blast.
The centaur warrior shoots an arrow.
The arrow hits you!
Casting: Iskenderun's Mystic Blast (safe; 1% risk of failure)
Confirm with . or Enter, or press ? or * to list all spells.
You erupt in a blast of force!
The mystic blast hits the seven-headed hydra!!
The seven-headed hydra is heavily wounded.
The seven-headed hydra is knocked back by the mystic blast.
Casting: Iskenderun's Mystic Blast (safe; 1% risk of failure)
Confirm with . or Enter, or press ? or * to list all spells.
You erupt in a blast of force!
The mystic blast hits the centaur warrior!
The centaur warrior is heavily wounded.
The centaur warrior is knocked back by the mystic blast.
The mystic blast hits the seven-headed hydra.
The seven-headed hydra is heavily wounded.
The seven-headed hydra is knocked back by the mystic blast.
The seven-headed hydra slams into the closed door!
Casting: Iskenderun's Mystic Blast (safe; 1% risk of failure)
Confirm with . or Enter, or press ? or * to list all spells.
You erupt in a blast of force!
The mystic blast hits the seven-headed hydra!
The seven-headed hydra is severely wounded.
The seven-headed hydra is knocked back by the mystic blast.
The seven-headed hydra slams into the closed door!
The centaur warrior shoots an arrow.
The arrow hits you!
The centaur warrior shoots an arrow.
The arrow hits you!
* * * LOW HITPOINT WARNING * * *
The centaur warrior shoots an arrow.
The arrow hits you!!
* * * LOW HITPOINT WARNING * * *
The seven-headed hydra barely misses you.
The seven-headed hydra bites you but does no damage.
The seven-headed hydra bites you!
You die...

### .:# ###+#####
..# #.......# ..#
###....D..# ..#
##.'.....@.# ..#
###..#.......#
######...##..c....#
.......####.......#
.....### #.......#
###### #.......# pu
#.......### ..#
#.....#...# ..#
#.###.#.#.#


You could see a seven-headed hydra and a centaur warrior.

Vanquished Creatures
  6 hydras
  3 two-headed ogres
  5 death yaks (Lair:4)
  5 orc high priests (Orc:2)
  Nergalle (D:11)
  8 orc knights (Orc:2)
  A wolf spider (Lair:6)
  2 ugly things (D:12)
  A cyclops (D:11)
  An orc sorcerer (Orc:2)
  10 elephants (Lair:6)
  11 black mambas
  Joseph (D:7)
  A torpor snail (Lair:3)
  Maggie (D:8)
  12 cane toads
  An unseen horror (D:11)
  3 rime drakes
  A kobold demonologist (D:12)
  13 komodo dragons
  5 trolls
  A queen bee (D:10)
  3 polar bears
  4 slime creatures (D:10)
  A hornet (Lair:6)
  14 blink frogs
  A wraith (D:11)
  12 wyverns
  44 yaks
  2 basilisks
  Grum (D:9)
  3 vampire mosquitoes
  A steam dragon (D:10)
  Menkaure (D:6)
  2 wargs (Orc:2)
  20 water moccasins
  25 orc warriors
  3 sky beasts
  3 necrophages
  4 wolves
  2 centaurs
  6 ogres
  A kobold brigand (D:7)
  18 bullfrogs
  Blork the orc (D:6)
  A scorpion (D:6)
  3 gnoll sergeants
  A water moccasin zombie (D:5)
  27 killer bees
  An electric eel (Lair:1)
  A bullfrog zombie (D:5)
  5 centaur zombies
  A hound (D:7)
  18 orc priests
  3 jellies
  A gnoll shaman (D:8)
  3 iguanas
  An iron imp (D:4)
  2 bullfrog skeletons (D:6)
  8 orc wizards
  A killer bee zombie (D:7)
  A howler monkey zombie (D:10)
  16 gnolls
  6 adders
  A shadow imp (D:5)
  A white imp (D:7)
  3 ufetubi
  A worm (D:2)
  3 dart slugs
  57 orcs
  4 ball pythons
  6 endoplasms
  3 giant cockroaches
  6 goblins
  6 hobgoblins
  2 jackals (D:1)
  5 bats
  5 frilled lizards
  11 kobolds
  8 rats
487 creatures vanquished.

Vanquished Creatures (collateral kills)
  An ettin (Orc:1)
  A boulder beetle (Lair:2)
  4 hydras
  A death yak (Lair:4)
  An orc high priest (Orc:2)
  An orc sorcerer (Orc:2)
  A cyclops (D:12)
  A guardian serpent (Lair:6)
  6 cane toads
  2 black mambas (Lair:5)
  A kobold demonologist (D:12)
  3 rime drakes
  2 jumping spiders (Lair:4)
  3 hornets
  2 blink frogs (Lair:4)
  4 wyverns
  2 redbacks
  3 yaks
  A steam dragon (D:8)
  A warg (Orc:2)
  Edmund (D:4)
  4 water moccasins
  14 orc warriors
  A black bear (D:7)
  A wolf (D:9)
  3 centaurs (Lair:3)
  3 bullfrogs
  A gnoll sergeant (D:10)
  4 killer bees (D:10)
  8 orc priests
  2 orc wizards
  3 gnolls
  A shadow imp (D:8)
  11 orcs
  A kobold (D:7)
99 creatures vanquished.

Vanquished Creatures (others)
  64 fulminant prisms
  57 fungi
  127 plants
248 creatures vanquished.

Grand Total: 834 creatures vanquished

Notes
Turn   | Place    | Note
-------+----------+-------------------------------------------
     0 | D:1      | CuBeRJAN3 the Djinni Conjurer began the quest for the Orb.
     0 | D:1      | Reached XP level 1. HP: 15/15 MP: 0/0
   325 | D:1      | Reached XP level 2. HP: 20/22 MP: 0/0
   659 | D:1      | Reached skill level 1 in Fighting
   885 | D:1      | Reached XP level 3. HP: 26/27 MP: 0/0
   885 | D:1      | Learned a level 1 spell: Summon Small Mammal
  1463 | D:2      | Found a faded altar of an unknown god.
  1633 | D:2      | You are sucked into a shaft and drop 2 floors!
  1700 | D:4      | Identified the +5 ring mail of a ziggurat {rN+ rCorr Str-2
                  | SInv}
  1711 | D:4      | Reached XP level 4. HP: 14/33 MP: 0/0
  1918 | D:3      | Found a hide-covered altar of Uskayaw.
  1962 | D:2      | Reached skill level 2 in Fighting
  2322 | D:2      | Reached XP level 5. HP: 33/38 MP: 0/0
  2322 | D:2      | Learned a level 2 spell: Passwall
  2644 | D:3      | Found a bloodstained altar of Trog.
  3056 | D:3      | Reached skill level 1 in Short Blades
  3736 | D:3      | Noticed an ogre
  3749 | D:3      | Killed an ogre
  3750 | D:3      | Reached XP level 6. HP: 32/45 MP: 0/0
  4176 | D:3      | Found a blossoming altar of Fedhas.
  4430 | D:3      | Reached skill level 3 in Fighting
  4615 | D:3      | Reached XP level 7. HP: 23/50 MP: 0/0
  4615 | D:3      | Learned a level 3 spell: Ignite Poison
  5036 | D:4      | Found an opulent altar of Gozag.
  5200 | D:4      | Found a snail-covered altar of Cheibriados.
  5277 | D:4      | Noticed Edmund
  5657 | D:5      | Entered Level 5 of the Dungeon
  6531 | D:5      | Reached skill level 4 in Fighting
  6531 | D:5      | Reached XP level 8. HP: 39/58 MP: 0/0
  6707 | D:6      | Noticed Menkaure
  6710 | D:6      | Killed Menkaure
  7100 | D:6      | Found a staircase to the Ecumenical Temple.
  7135 | Temple   | Entered the Ecumenical Temple
  7417 | Temple   | Became a worshipper of Makhleb the Destroyer
  7475 | D:6      | Reached skill level 5 in Spellcasting
  7569 | D:6      | Noticed Blork the orc
  7575 | D:6      | Killed Blork the orc
  7817 | D:6      | Reached skill level 5 in Fighting
  7960 | D:6      | Reached skill level 1 in Evocations
  8119 | D:6      | Reached XP level 9. HP: 62/65 MP: 0/0
  8119 | D:6      | Learned a level 4 spell: Summon Lightning Spire
  8416 | D:7      | Found a shadowy altar of Dithmenos.
  8661 | D:7      | Reached skill level 5 in Dodging
  8906 | D:7      | Found a basalt altar of Yredelemnul.
  8938 | D:7      | Noticed Joseph
  8948 | D:7      | Killed Joseph
  9226 | D:7      | Found a white marble altar of Elyvilon.
  9275 | D:7      | Found a broken altar of Ashenzari.
  9331 | D:7      | Reached skill level 6 in Fighting
  9410 | D:7      | Reached * piety under Makhleb
 10210 | D:4      | Found a snail-covered altar of Cheibriados.
 10314 | D:4      | Killed Edmund
 10837 | D:8      | Noticed Maggie
 10893 | D:8      | Noticed a two-headed ogre
 10903 | D:8      | Killed a two-headed ogre
 10904 | D:8      | Reached XP level 10. HP: 52/73 MP: 0/0
 11373 | D:8      | Reached skill level 7 in Fighting
 11548 | D:8      | Found a shimmering altar of Xom.
 11616 | D:8      | Reached skill level 5 in Stealth
 12144 | D:8      | Killed Maggie
 12474 | D:9      | Found a staircase to the Lair.
 12532 | D:9      | Reached ** piety under Makhleb
 12835 | D:9      | Reached XP level 11. HP: 81/81 MP: 0/0
 12835 | D:9      | Learned a level 5 spell: Freezing Cloud
 12838 | D:9      | Reached skill level 8 in Fighting
 12931 | D:9      | Noticed Grum
 12969 | D:9      | Killed Grum
 12970 | D:9      | Reached skill level 1 in Invocations
 13339 | D:9      | Reached skill level 5 in Short Blades
 13679 | D:9      | Found a glowing golden altar of the Shining One.
 14022 | D:10     | Entered Level 10 of the Dungeon
 14088 | D:10     | Noticed a two-headed ogre
 14098 | D:10     | Killed a two-headed ogre
 14777 | D:10     | Identified the +1 helmet of Wuejaebi {*Slow rF- Str+8 SInv}
 14787 | D:10     | Found a sparkling altar of Nemelex Xobeh.
 14836 | D:10     | Reached *** piety under Makhleb
 14914 | D:10     | Reached skill level 9 in Fighting
 14914 | D:10     | Reached skill level 5 in Evocations
 15002 | D:10     | Found a runed translucent gate.
 15002 | D:10     | Found a runed translucent gate.
 15002 | D:10     | Found a runed translucent gate.
 15002 | D:10     | Noticed a glowing orange brain
 15002 | D:10     | Noticed a brown ugly thing
 15002 | D:10     | Noticed a white ugly thing
 15002 | D:10     | Noticed a purple ugly thing
 15002 | D:10     | Noticed a cyan ugly thing
 15003 | D:10     | Noticed a purple ugly thing
 15552 | D:10     | You are sucked into a shaft and drop 3 floors!
 15589 | D:12     | Noticed a four-headed hydra
 15604 | D:12     | Noticed a red ugly thing
 15781 | D:10     | Reached XP level 12. HP: 85/89 MP: 0/0
 15977 | D:11     | Noticed Nergalle
 15989 | D:11     | Killed Nergalle
 16134 | D:11     | Identified the +1 robe of Ghostly Beauty {rF+ Slay+3}
 16216 | D:11     | Found a staircase to the Orcish Mines.
 16228 | D:11     | Reached **** piety under Makhleb
 16322 | D:11     | Noticed a four-headed hydra
 16330 | D:11     | Killed a four-headed hydra
 16529 | D:12     | Noticed a boulder beetle
 16529 | D:12     | Noticed a two-headed ogre
 16535 | D:12     | Killed a two-headed ogre
 16909 | D:12     | Noticed a four-headed hydra
 16918 | D:12     | Killed a four-headed hydra
 17540 | D:12     | Killed a four-headed hydra
 17541 | D:12     | Reached skill level 10 in Fighting
 18006 | Lair:1   | Entered Level 1 of the Lair of Beasts
 18823 | Lair:1   | Reached XP level 13. HP: 95/96 MP: 0/0
 18823 | Lair:1   | Learned a level 5 spell: Bolt of Magma
 19060 | Lair:1   | Noticed ANNNA's ghost (journeyman DEVM)
 19132 | Lair:1   | Found a transporter.
 19234 | Lair:1   | Found a transporter.
 19673 | Lair:2   | Noticed a six-headed hydra
 19677 | Lair:2   | Killed a six-headed hydra
 19984 | Lair:2   | Noticed a boulder beetle
 19997 | Lair:2   | Killed a boulder beetle
 20314 | Lair:2   | Noticed a six-headed hydra
 20320 | Lair:2   | Killed a six-headed hydra
 20468 | Lair:2   | Reached skill level 5 in Invocations
 21088 | Lair:3   | Noticed a four-headed hydra
 21094 | Lair:3   | Killed a four-headed hydra
 21303 | Lair:3   | Reached ***** piety under Makhleb
 21354 | Lair:3   | Noticed a five-headed hydra
 21357 | Lair:3   | Killed a five-headed hydra
 21358 | Lair:3   | Reached skill level 11 in Fighting
 21886 | Lair:3   | Found a staircase to the Shoals.
 23026 | Lair:4   | Reached XP level 14. HP: 83/105 MP: 0/0
 24014 | Lair:4   | Found a hole to the Spider Nest.
 24568 | Lair:5   | Identified the +12 hand axe of Ashenzari {pain, rPois rC-
                  | rN+ Str+3}
 25036 | Lair:5   | You are sucked into a shaft and drop 1 floor!
 25036 | Lair:6   | Entered Level 6 of the Lair of Beasts
 25079 | Lair:6   | Reached skill level 10 in Spellcasting
 25091 | Lair:6   | Reached skill level 12 in Fighting
 26353 | Lair:6   | Reached XP level 15. HP: 98/112 MP: 0/0
 26353 | Lair:6   | Learned a level 6 spell: Dispersal
 26456 | Lair:6   | Found a viscous altar of Jiyva.
 26456 | Lair:6   | Found a staircase to the Slime Pits.
 26628 | Lair:6   | Reached ****** piety under Makhleb
 27015 | Lair:6   | Reached skill level 10 in Dodging
 28069 | Orc:1    | Entered Level 1 of the Orcish Mines
 28182 | Orc:2    | Entered Level 2 of the Orcish Mines
 28420 | Orc:2    | Found a runed translucent door.
 28422 | Orc:2    | Found a shimmering altar of Xom.
 28422 | Orc:2    | Noticed Terracrafty's ghost (journeyman HOMo)
 28603 | Orc:2    | Found a frozen archway.
 28712 | Orc:1    | Found Vutux Hal's Book Boutique.
 29754 | Orc:2    | Found Weit's Mass Market.
 31290 | Orc:2    | Found Qyicwam's Antique Weapon Emporium.
 31290 | Orc:2    | Found Ziedoe's Magic Scroll Emporium.
 31300 | Orc:2    | Found Siang's Armour Shoppe.
 31300 | Orc:2    | Found Laylot's Antique Armour Emporium.
 31315 | Orc:2    | Bought a scroll of teleportation for 30 gold pieces
 31315 | Orc:2    | Bought a scroll of teleportation for 30 gold pieces
 31315 | Orc:2    | Bought a scroll of teleportation for 30 gold pieces
 31315 | Orc:2    | Bought a scroll of teleportation for 30 gold pieces
 31315 | Orc:2    | Bought a scroll of teleportation for 30 gold pieces
 31315 | Orc:2    | Bought a scroll of identify for 20 gold pieces
 31315 | Orc:2    | Bought a scroll of silence for 75 gold pieces
 31667 | Orc:2    | Found a staircase to the Elven Halls.
 32412 | D:13     | Found a gate to the Vaults.
 32412 | D:13     | Noticed an ironbound preserver
 32605 | D:13     | HP: 4/113 [centaur warrior/arrow (28)]
 32605 | D:13     | Mangled by a seven-headed hydra

Illustrated notes

Levels and vault maps discovered:
D:1:      shiori_arrival_maze, layout_loops_ring
D:2:      layout_basic, ebering_ecumenical_altar_box, hex_intersection,
          due_unseen_surprise
D:3:      layout_loops_corners, lemuel_coloured_pillars_altar,
          lemuel_doored_altar, mainiacjoe_overflow_alcove_4, serial_glass,
          glass_columns_c, glass_columns_a, glass_columns_c,
          chequers_serial_rivers_room_b
D:4:      layout_loops_cross, slow_altar_1,
          nicolae_gozag_cash_rules_everything_around_me, uniq_edmund
D:5:      layout_basic
D:6:      layout_basic, minmay_temple_entry_poolview, uniq_menkaure,
          uniq_blork_the_orc
D:7:      layout_cave_pods, lemuel_round_altar, kennysheep_ying_yang,
          grunt_dithmenos_smoke, minivault_25, uniq_joseph
D:8:      layout_loops_ring, mainiacjoe_overflow_alcove_2, uniq_maggie
D:9:      layout_loops_ring, mainiacjoe_overflow_24_doors, dpeg_oklobed_lair,
          minivault_23, uniq_grum
D:10:     layout_roguey, kennysheep_mini,
          ploomutoo_gammafunk_ghost_potion_laboratory, special_room
          [special_room_bee]
D:11:     layout_big_octagon, minmay_orc_entry_temple_small, minmay_holes,
          uniq_nergalle
D:12:     layout_rooms
D:13:     layout_roguey, skrybe_vaults_entry_preservation, uniq_sonja
Temple:   dpeg_chambers_temple
Lair:1:   layout_hall_layers, gammafunk_ghost_hive,
          chequers_serial_rivers_micro_b, serial_bayou_shore_b,
          serial_bayou_shore_a
Lair:2:   layout_regular_city
Lair:3:   layout_chaotic_city, minmay_shoals_entry_centaurs, nzn_random_ring,
          grunt_megastairs_4
Lair:4:   layout_gridlike, spider_nest_entry_a
Lair:5:   layout_long_grid, minivault_11
Lair:6:   hangedman_lair_tendril_chambers, layout_loops_ring,
          dpeg_slime_entry_enclosed_altar, infiniplex_staircase_pool_2
Orc:1:    layout_diamond_mine, serial_shops, shop
Orc:2:    st_orc_pillars, layout_caves, ebering_ghost_xom, basic_altar,
          portal_ice_cave_entry_pillars_2, minmay_shop_mass, bh_open_orc_temple

Skill      XL: |  1  2  3  4  5  6  7  8  9 10 11 12 13 14 15 |
---------------+----------------------------------------------+-----
Fighting       | 1 2 3 4 5 6 7 9 10 11 12 | 12.8
Stealth        | 2 3 4 5 6 7 8 |  8.8
Short Blades   | 1 2 3 4 5 6 7 8 |  8.4
Dodging        | 3 4 5 6 7 8 9 10 | 10.4
Spellcasting   | 4 5 6 7 8 9 10 | 10.7
Evocations     | 1 3 4 5 6 7 8 |  8.6
Invocations    | 3 4 5 6 7 |  7.4

Action                   |  1- 3 |  4- 6 |  7- 9 | 10-12 | 13-15 || total
-------------------------+-------+-------+-------+-------+-------++-------
Melee: Dagger            |    10 |     4 |       |    18 |    23 ||    55
 Cast: Magic Dart        |    60 |    71 |   131 |   153 |   264 ||   679
       Searing Ray       |     1 |    13 |    38 |    60 |    11 ||   123
       Iskenderun's Myst |       |     1 |     9 |    41 |   177 ||   228
       Dazzling Flash    |       |     1 |     1 |     3 |       ||     5
       Fulminant Prism   |       |       |     5 |     7 |    52 ||    64
       Summon Lightning  |       |       |     9 |    27 |    64 ||   100
       Freezing Cloud    |       |       |       |    26 |    10 ||    36
       Bolt of Magma     |       |       |       |       |   124 ||   124
 Abil: Evoke Invisibilit |       |       |       |     1 |       ||     1
  Use: Scroll            |       |       |     7 |    10 |    14 ||    31
Armor: Robe              |     3 |       |     4 |       |       ||     7
       Steam dragon scal |       |       |       |    65 |    25 ||    90
Dodge: Dodged            |     9 |     5 |    30 |   102 |    92 ||   238
Block: Other             |       |     5 |    10 |    42 |    26 ||    83
       Reflection        |       |     1 |     1 |     1 |     7 ||    10
